[Event "XIX Najdorf Memorial 2019"]
[Site "Warsaw"]
[Date "2019.07.13"]
[Round "8.26"]
[White "Czerw, Dawid"]
[Black "Adamski, Jan"]
[Result "1/2-1/2"]
[ECO "E42"]
[WhiteElo "2326"]
[BlackElo "2183"]
[Annotator "NA"]
[PlyCount "98"]
[EventDate "2019.07.06"]
[EventType "swiss"]
[EventCountry "POL"]
[SourceTitle "playchess.com"]
[Source "ChessBase"]
[SourceQuality "1"]
[TimeControl "40/5400+30:1800+30"]

1. d4 Nf6 2. c4 e6 3. Nc3 Bb4 4. e3 c5 5. Nge2 d5 6. a3 Bxc3+ 7. Nxc3 cxd4 8. exd4 dxc4 9. Bxc4 Nc6 10. Be3 O-O 11. O-O b6 12. Qf3 Bb7 13. Bd3 Qd7 14. Qh3 Ne7 15. Bg5 Ng6 16. Bxf6 gxf6 17. Rad1 Bd5 18. Be4 Bxe4 19. Nxe4 Qe7 20. d5 exd5 21. Nc3 Qe6 22. Qf3 Ne5 23. Qxd5 Qxd5 24. Nxd5 Kg7 25. b3 Rfd8 26. f4 Nc6 27. b4 f5 28. Ne3 Kf6 29. Nd5+ Kg7 30. b5 Na5 31. Ne3 Kf6 32. Rd5 Rxd5 33. Nxd5+ Kg7 34. Ne3 Rd8 35. Nxf5+ Kf6 36. g4 h5 37. h3 hxg4 38. hxg4 Rd3 39. a4 Nb3 40. Re1 Nd4 41. Nh4 Nf3+ 42. Nxf3 Rxf3 43. Re4 Rg3+ 44. Kf2 Rxg4 45. Kf3 Rg1 46. Rc4 Kf5 47. Rc7 f6 48. Rxa7 Rf1+ 49. Kg3 Rxf4 1/2-1/2

[Event "XIX Najdorf Memorial 2019"]
[Site "Warsaw"]
[Date "2019.07.13"]
[Round "8.27"]
[White "Hassan, Abdullah"]
[Black "Maj, Pawel"]
[Result "1-0"]
[ECO "E63"]
[WhiteElo "2311"]
[BlackElo "2127"]
[Annotator "NA"]
[PlyCount "55"]
[EventDate "2019.07.06"]
[EventType "swiss"]
[EventCountry "POL"]
[SourceTitle "playchess.com"]
[Source "ChessBase"]
[SourceQuality "1"]
[TimeControl "40/5400+30:1800+30"]

1. d4 Nf6 2. Nf3 g6 3. g3 Bg7 4. Bg2 O-O 5. O-O d6 6. c4 Nc6 7. Nc3 a6 8. d5 Na5 9. b3 c5 10. dxc6 Nxc6 11. Bb2 Qa5 12. Nd5 Nxd5 13. Bxg7 Nc3 14. Bxc3 Qxc3 15. Rc1 Qf6 16. Qd2 Kg7 17. Rfd1 Rd8 18. Ng5 h6 19. Ne4 Qe5 20. b4 Kh7 21. f4 Qg7 22. b5 axb5 23. cxb5 Na5 24. Rc7 Be6 25. Rxe7 d5 26. Nc5 Rd6 27. Nxe6 Rxe6 28. Rd7 1-0

[Event "XIX Najdorf Memorial 2019"]
[Site "Warsaw"]
[Date "2019.07.13"]
[Round "8.28"]
[White "Deszczynski, Adam"]
[Black "Wisniewski, Michal"]
[Result "1-0"]
[ECO "B08"]
[WhiteElo "2304"]
[BlackElo "2103"]
[Annotator "NA"]
[PlyCount "67"]
[EventDate "2019.07.06"]
[EventType "swiss"]
[EventCountry "POL"]
[SourceTitle "playchess.com"]
[Source "ChessBase"]
[SourceQuality "1"]
[TimeControl "40/5400+30:1800+30"]

1. e4 d6 2. d4 Nf6 3. Nc3 g6 4. Nf3 c6 5. a4 Bg7 6. Be2 O-O 7. O-O Qc7 8. Re1 e5 9. a5 Re8 10. Bf1 Bg4 11. Be3 d5 12. h3 Bxf3 13. Qxf3 Nbd7 14. exd5 e4 15. Qf4 Qxf4 16. Bxf4 Nxd5 17. Nxd5 cxd5 18. a6 b6 19. Bb5 Red8 20. Bc7 Rdc8 21. Bc6 Rxc7 22. Bxa8 Nf6 23. c3 Bh6 24. Re2 Kf8 25. g3 Ke7 26. f3 Kd6 27. Kg2 exf3+ 28. Kxf3 Ne4 29. Ra3 f5 30. Kg2 f4 31. gxf4 Bxf4 32. Rb3 g5 33. Bb7 h5 34. Rxb6+ 1-0

[Event "XIX Najdorf Memorial 2019"]
[Site "Warsaw"]
[Date "2019.07.13"]
[Round "8.29"]
[White "Szustakowski, Antoni"]
[Black "Martynyuk, Elizaveta"]
[Result "1-0"]
[ECO "D45"]
[WhiteElo "2279"]
[BlackElo "2125"]
[Annotator "NA"]
[PlyCount "84"]
[EventDate "2019.07.06"]
[EventType "swiss"]
[EventCountry "POL"]
[SourceTitle "playchess.com"]
[Source "ChessBase"]
[SourceQuality "1"]
[TimeControl "40/5400+30:1800+30"]

1. d4 d5 2. c4 c6 3. Nc3 Nf6 4. e3 e6 5. Nf3 Nbd7 6. Qc2 Bd6 7. Bd3 O-O 8. O-O dxc4 9. Bxc4 e5 10. h3 h6 11. Bb3 Qc7 12. Bd2 Re8 13. dxe5 Nxe5 14. Nxe5 Bxe5 15. f4 Bxc3 16. Bxc3 Qe7 17. Rae1 Be6 18. Bxe6 Qxe6 19. Bxf6 Qxf6 20. e4 Qd4+ 21. Kh2 Rad8 22. e5 Qd2 23. Qb3 Qd5 24. Qg3 Qd3 25. Rf3 Qf5 26. Qf2 Rd7 27. Qxa7 Red8 28. Re2 Rd1 29. Qf2 Ra1 30. a3 Rdd1 31. Qh4 Rf1 32. Qg4 Qb1 33. Rxf1 Qxf1 34. Qc8+ Kh7 35. Qf5+ Kg8 36. Qe4 Rd1 37. e6 f5 38. Qe3 Kf8 39. e7+ Ke8 40. Qe5 Qg1+ 41. Kg3 Rd3+ 42. Kh4 Qa7 1-0

[Event "XIX Najdorf Memorial 2019"]
[Site "Warsaw"]
[Date "2019.07.13"]
[Round "8.30"]
[White "Fiedorek, Michal"]
[Black "Jarocka, Liwia"]
[Result "1-0"]
[ECO "B01"]
[WhiteElo "2241"]
[BlackElo "2102"]
[Annotator "ChessBase"]
[PlyCount "181"]
[EventDate "2019.07.06"]
[EventType "swiss"]
[EventCountry "POL"]
[SourceTitle "playchess.com"]
[Source "ChessBase"]
[SourceQuality "1"]
[TimeControl "40/5400+30:1800+30"]

1. e4 d5 2. exd5 Qxd5 3. Nc3 Qd8 4. d4 g6 5. Bc4 Bg7 6. Nge2 Nf6 7. Bg5 h6 8. Bf4 a6 9. a4 b6 10. O-O Nc6 11. h3 Bb7 12. Qd2 e6 13. Rfe1 Ne7 14. Ng3 Qd7 15. Rad1 Ned5 16. Nxd5 Nxd5 17. Be5 O-O 18. Bb3 f6 19. Bf4 g5 20. Be3 f5 21. f4 Rae8 22. Nh5 Qf7 23. Nxg7 Qxg7 24. Re2 g4 25. c4 Nf6 26. Kh2 Kh7 27. Qe1 Rg8 28. Rdd2 gxh3 29. d5 Ng4+ 30. Kg1 exd5 31. Bd4 Qf7 32. Bc2 Bc8 33. Rxe8 Rxe8 34. Re2 Rxe2 35. Qxe2 h2+ 36. Kh1 c5 37. Bc3 d4 38. Bxd4 cxd4 39. Qxg4 Qxc4 40. Bxf5+ Bxf5 41. Qxf5+ Kg7 42. Qd7+ Kg8 43. f5 Qf7 44. Qd8+ Qf8 45. Qd5+ Qf7 46. Qxd4 Qxf5 47. Qxb6 Qf1+ 48. Kxh2 Qf4+ 49. g3 Qd2+ 50. Kh3 Qd7+ 51. g4 Qxa4 52. Qg6+ Kf8 53. Qxh6+ Kg8 54. Qg5+ Kh8 55. Qe5+ Kg8 56. Kh4 Qc6 57. Kg5 Kf7 58. Qf5+ Kg7 59. Qe5+ Kf7 60. Qf4+ Kg7 61. Qd4+ Kf7 62. Kf4 Qh6+ 63. Kg3 Qc6 64. b4 Qe6 65. Qc5 Kg7 66. Qg5+ Kh8 67. Qd8+ Kg7 68. Qd4+ Kg6 69. Kf4 Qf7+ 70. Ke3 Qa2 71. Qe4+ Kg7 72. g5 Qa3+ 73. Kf4 Qc1+ 74. Kg4 Qg1+ 75. Kf5 Qf1+ 76. Ke6 Qh3+ 77. Kd6 Qa3 78. Ke7 Qc3 79. Kd6 Qa3 80. Qe5+ Kg8 81. Qe6+ Kg7 82. Qe5+ Kg8 83. Qc5 Kg7 84. Kc6 Kg6 85. Kb6 Qd3 86. Qa5 Qc4 87. Ka7 Kh5 88. g6+ Kh6 89. Qb6 Kg7 90. Qb7+ Kf8 91. Qf7+ 1-0

[Event "XIX Najdorf Memorial 2019"]
[Site "Warsaw"]
[Date "2019.07.13"]
[Round "8.31"]
[White "Lapaj, Mateusz"]
[Black "Murawko, Katarzyna"]
[Result "1-0"]
[ECO "A42"]
[WhiteElo "2223"]
[BlackElo "2057"]
[Annotator "NA"]
[PlyCount "59"]
[EventDate "2019.07.06"]
[EventType "swiss"]
[EventCountry "POL"]
[SourceTitle "playchess.com"]
[Source "ChessBase"]
[SourceQuality "1"]
[TimeControl "40/5400+30:1800+30"]

1. d4 g6 2. c4 Bg7 3. Nc3 d6 4. e4 Nd7 5. Be3 e5 6. Nge2 Ne7 7. Qd2 h6 8. f4 exf4 9. Nxf4 O-O 10. O-O-O Nf6 11. h3 g5 12. Nfe2 Ng6 13. g4 c6 14. Ng3 Re8 15. Bd3 d5 16. e5 Nh7 17. cxd5 cxd5 18. Nf5 Be6 19. Rdg1 a6 20. h4 b5 21. Kb1 Ra7 22. Rg2 Nxh4 23. Nxh4 gxh4 24. Bxh6 Nf8 25. Bg5 Qa5 26. Bf6 Ng6 27. Qg5 Qb6 28. Rxh4 Qc6 29. Rgh2 Nxh4 30. Qxg7# 1-0

[Event "XIX Najdorf Memorial 2019"]
[Site "Warsaw"]
[Date "2019.07.13"]
[Round "8.32"]
[White "Malovanyi, Yulian"]
[Black "Rosicki, Marcin"]
[Result "1/2-1/2"]
[ECO "C24"]
[WhiteElo "2204"]
[BlackElo "2026"]
[Annotator "ChessBase"]
[PlyCount "133"]
[EventDate "2019.07.06"]
[EventType "swiss"]
[EventCountry "POL"]
[SourceTitle "playchess.com"]
[Source "ChessBase"]
[SourceQuality "1"]
[TimeControl "40/5400+30:1800+30"]

1. e4 e5 2. Bc4 Nf6 3. d3 c6 4. Nf3 d5 5. Bb3 Bd6 6. exd5 cxd5 7. O-O O-O 8. Bg5 Be6 9. Nc3 Bc7 10. Nb5 Nc6 11. Nxc7 Qxc7 12. Bh4 e4 13. Bg3 Qa5 14. Ne5 Rfe8 15. Nxc6 bxc6 16. Bh4 Bf5 17. Bxf6 gxf6 18. dxe4 Bxe4 19. c3 Qc7 20. c4 Qe5 21. cxd5 cxd5 22. f3 Bg6 23. Qd2 d4 24. f4 Qe3+ 25. Qxe3 dxe3 26. Rae1 Bf5 27. Rf3 Rad8 28. g4 Bd7 29. Rfxe3 Rxe3 30. Rxe3 Bc6 31. Rc3 Be4 32. Kf2 Rd7 33. Ke3 f5 34. gxf5 Bxf5 35. Rc5 Bb1 36. Rc1 Bf5 37. Rc5 Bb1 38. Rg5+ Kf8 39. Rg1 Bf5 40. Rg5 Bb1 41. Rd5 Re7+ 42. Kf2 Rc7 43. Rd4 Rb7 44. Ke3 Bf5 45. Kd2 Be6 46. Bxe6 fxe6 47. Kc3 Ke7 48. b4 Rb5 49. a4 Rh5 50. Rd2 Rf5 51. Rd4 Rh5 52. Rc4 Kd6 53. b5 Rxh2 54. Rc6+ Kd5 55. Ra6 Rf2 56. Rxa7 Rxf4 57. Kb3 h5 58. Rh7 h4 59. a5 Rf3+ 60. Kb2 Kc5 61. b6 Kb5 62. Rh5+ Ka6 63. Rh8 h3 64. Ra8+ Kb7 65. Ra7+ Kb8 66. a6 Rf5 67. Rh7 1/2-1/2

[Event "XIX Najdorf Memorial 2019"]
[Site "Warsaw"]
[Date "2019.07.14"]
[Round "9.1"]
[White "Tomczak, Jacek"]
[Black "Heberla, Bartlomiej"]
[Result "1/2-1/2"]
[ECO "C43"]
[WhiteElo "2623"]
[BlackElo "2534"]
[Annotator "ChessBase"]
[PlyCount "39"]
[EventDate "2019.07.06"]
[EventType "swiss"]
[EventCountry "POL"]
[SourceTitle "playchess.com"]
[Source "ChessBase"]
[SourceQuality "1"]
[TimeControl "40/5400+30:1800+30"]

1. e4 e5 2. Nf3 Nf6 3. d4 Nxe4 4. dxe5 d5 5. Nbd2 Nc5 6. Be2 Be7 7. O-O O-O 8. Re1 Nc6 9. c3 d4 10. Nb1 d3 11. Bf1 Bg4 12. b4 Nd7 13. Bf4 f6 14. Qxd3 Ndxe5 15. Nxe5 Nxe5 16. Bxe5 Qxd3 17. Bxd3 fxe5 18. f3 Bd7 19. Nd2 Rfd8 20. Be4 1/2-1/2

[Event "XIX Najdorf Memorial 2019"]
[Site "Warsaw"]
[Date "2019.07.14"]
[Round "9.1"]
[White "Barski, Radoslaw"]
[Black "Tomaszewski, Kacper"]
[Result "1-0"]
[ECO "B12"]
[WhiteElo "2468"]
[BlackElo "2346"]
[Annotator "ChessBase"]
[PlyCount "107"]
[EventDate "2019.07.06"]
[EventType "swiss"]
[EventCountry "POL"]
[SourceTitle "playchess.com"]
[Source "ChessBase"]
[SourceQuality "1"]
[TimeControl "40/5400+30:1800+30"]

1. e4 c6 2. d4 d5 3. e5 Bf5 4. h4 Qb6 5. g4 Bd7 6. Nc3 h5 7. gxh5 e6 8. Na4 Qa5+ 9. c3 c5 10. Nxc5 Bxc5 11. dxc5 Qxc5 12. Qg4 Kf8 13. Nf3 f5 14. Qg5 Nc6 15. Be3 Qe7 16. Be2 Nh6 17. b4 b6 18. b5 Nd8 19. Qxe7+ Kxe7 20. Nd4 Ndf7 21. Bg5+ Kf8 22. f4 Nd8 23. Bxd8 Rxd8 24. Rg1 Ng4 25. Bxg4 fxg4 26. Rxg4 Rxh5 27. Kd2 Kf7 28. a4 a5 29. bxa6 Ra8 30. Rag1 Rh7 31. Rg6 Rxa6 32. f5 exf5 33. e6+ Bxe6 34. Rxe6 Rxh4 35. Reg6 Rg4 36. R6xg4 fxg4 37. Rxg4 Rxa4 38. Rg5 Ra5 39. Rf5+ Kg6 40. Re5 Kh6 41. Nf5+ Kg5 42. Ne3+ Kf4 43. Rxd5 g5 44. Kd3 Kf3 45. Rxa5 bxa5 46. c4 Kf4 47. c5 Ke5 48. Kc4 a4 49. Kb4 Kd4 50. c6 Kxe3 51. c7 g4 52. c8=Q g3 53. Qc5+ Kf3 54. Qg1 1-0

[Event "XIX Najdorf Memorial 2019"]
[Site "Warsaw"]
[Date "2019.07.14"]
[Round "9.2"]
[White "Shevchenko, Kirill"]
[Black "Sedlak, Nikola"]
[Result "1/2-1/2"]
[ECO "C10"]
[WhiteElo "2536"]
[BlackElo "2586"]
[Annotator "ChessBase"]
[PlyCount "31"]
[EventDate "2019.07.06"]
[EventType "swiss"]
[EventCountry "POL"]
[SourceTitle "playchess.com"]
[Source "ChessBase"]
[SourceQuality "1"]
[TimeControl "40/5400+30:1800+30"]

1. d4 e6 2. e4 d5 3. Nc3 dxe4 4. Nxe4 Bd7 5. Nf3 Bc6 6. Bd3 Nd7 7. O-O Bxe4 8. Bxe4 c6 9. c4 Ngf6 10. Bd3 g6 11. b3 Bg7 12. Ba3 Bf8 13. Bb2 Bg7 14. Ba3 Bf8 15. Bb2 Bg7 16. Ba3 1/2-1/2

[Event "XIX Najdorf Memorial 2019"]
[Site "Warsaw"]
[Date "2019.07.14"]
[Round "9.2"]
[White "Oglaza, Oskar"]
[Black "Abdumalik, Zhansaya"]
[Result "1-0"]
[ECO "B28"]
[WhiteElo "2345"]
[BlackElo "2458"]
[Annotator "ChessBase"]
[PlyCount "77"]
[EventDate "2019.07.06"]
[EventType "swiss"]
[EventCountry "POL"]
[SourceTitle "playchess.com"]
[Source "ChessBase"]
[SourceQuality "1"]
[TimeControl "40/5400+30:1800+30"]

1. e4 c5 2. Nf3 a6 3. Nc3 b5 4. d4 cxd4 5. Nxd4 Bb7 6. Bd3 Nc6 7. Nxc6 dxc6 8. Qe2 e6 9. e5 Ne7 10. O-O Qc7 11. f4 Nf5 12. Bxf5 exf5 13. Be3 b4 14. Na4 c5 15. Qf2 Rc8 16. c3 Bc6 17. Nxc5 bxc3 18. b4 a5 19. a3 Be7 20. Rfc1 Ra8 21. Qc2 O-O 22. Qxc3 Rfc8 23. Qd3 Bxc5 24. Bxc5 Be4 25. Qg3 Qb7 26. Rd1 Ra6 27. Rd6 axb4 28. Rad1 Rxd6 29. exd6 b3 30. d7 Rd8 31. Bd4 f6 32. Bxf6 Qb6+ 33. Bd4 Rxd7 34. Bxb6 Rxd1+ 35. Kf2 Rd2+ 36. Ke1 b2 37. Qb3+ Kf8 38. Bc5+ Ke8 39. Qe6+ 1-0

[Event "XIX Najdorf Memorial 2019"]
[Site "Warsaw"]
[Date "2019.07.14"]
[Round "9.3"]
[White "Ali Marandi, Cemil Can"]
[Black "Dragun, Kamil"]
[Result "0-1"]
[ECO "A45"]
[WhiteElo "2527"]
[BlackElo "2604"]
[Annotator "ChessBase"]
[PlyCount "72"]
[EventDate "2019.07.06"]
[EventType "swiss"]
[EventCountry "POL"]
[SourceTitle "playchess.com"]
[Source "ChessBase"]
[SourceQuality "1"]
[TimeControl "40/5400+30:1800+30"]

1. d4 Nf6 2. Bf4 g6 3. Nc3 d5 4. e3 Bg7 5. h4 c6 6. Be2 h5 7. Nf3 Bg4 8. Ne5 Bxe2 9. Qxe2 Nbd7 10. O-O-O Rc8 11. Nxd7 Nxd7 12. e4 Nb6 13. Be5 Kf8 14. Bxg7+ Kxg7 15. g4 e6 16. Rdg1 c5 17. exd5 cxd4 18. Qe5+ Qf6 19. Qxf6+ Kxf6 20. Ne4+ Ke5 21. Re1 hxg4 22. dxe6 Kxe6 23. Ng5+ Kf6 24. Re4 d3 25. Rf4+ Ke5 26. Rxf7 Rxc2+ 27. Kb1 Nd5 28. f4+ Kd4 29. f5 gxf5 30. Rxf5 Re8 31. Rd1 Ree2 32. Rxd5+ Kxd5 33. Rxd3+ Kc6 34. Rb3 Rc5 35. a4 Rc4 36. Rd3 Rb4 0-1

[Event "XIX Najdorf Memorial 2019"]
[Site "Warsaw"]
[Date "2019.07.14"]
[Round "9.3"]
[White "Baum, Jonasz"]
[Black "Socko, Monika"]
[Result "1/2-1/2"]
[ECO "A40"]
[WhiteElo "2308"]
[BlackElo "2443"]
[Annotator "ChessBase"]
[PlyCount "216"]
[EventDate "2019.07.06"]
[EventType "swiss"]
[EventCountry "POL"]
[SourceTitle "playchess.com"]
[Source "ChessBase"]
[SourceQuality "1"]
[TimeControl "40/5400+30:1800+30"]

1. d4 Nf6 2. c4 e6 3. g3 c5 4. Nf3 cxd4 5. Nxd4 d5 6. Bg2 e5 7. Nf3 d4 8. O-O Nc6 9. e3 Be7 10. exd4 exd4 11. Bf4 O-O 12. Ne5 Qb6 13. Nd2 Be6 14. Qb3 Rac8 15. Qxb6 axb6 16. Ndf3 Rfd8 17. b3 Ne4 18. Rfe1 Nc3 19. Nxc6 bxc6 20. Ne5 d3 21. Nxc6 Rxc6 22. Bxc6 d2 23. Red1 Ne2+ 24. Kf1 Nxf4 25. gxf4 Bf6 26. Ke2 Bf5 27. Bd5 Bc3 28. f3 Bc2 29. Be4 Re8 30. Kf2 Bd4+ 31. Ke2 Bxa1 32. Rxa1 d1=Q+ 33. Rxd1 Bxd1+ 34. Kxd1 Re6 35. Kc2 Rh6 36. b4 Kf8 37. Kb3 Ke7 38. a4 Rxh2 39. c5 bxc5 40. b5 c4+ 41. Kxc4 Ra2 42. Kb3 Ra1 43. Bxh7 g6 44. f5 g5 45. Kb4 Kd6 46. f6 Rf1 47. a5 g4 48. fxg4 Rf4+ 49. Kc3 Rxg4 50. a6 Kc5 51. Bc2 Rg3+ 52. Kb2 Kb6 53. Bb3 Rg5 54. Bxf7 Rxb5+ 55. Ka1 Rf5 56. Ba2 Rxf6 57. a7 Kxa7 58. Bb1 Kb6 59. Ba2 Kc5 60. Bb1 Rf1 61. Kb2 Kb4 62. Ka1 Rf6 63. Kb2 Rd6 64. Bh7 Rf6 65. Bb1 Rf3 66. Bh7 Rb3+ 67. Ka1 Kc3 68. Bb1 Rb4 69. Ba2 Kc2 70. Bf7 Rg4 71. Be6 Rg1+ 72. Ka2 Rg5 73. Ka1 Re5 74. Bf7 Re7 75. Bg6+ Kb3 76. Bf5 Re5 77. Bg6 Ra5+ 78. Kb1 Rg5 79. Bf7+ Ka3 80. Kc2 Rc5+ 81. Kd3 Kb4 82. Kd4 Rc7 83. Be6 Rc1 84. Bf7 Rd1+ 85. Ke5 Rf1 86. Ba2 Rf2 87. Bb1 Kc4 88. Bg6 Re2+ 89. Kf6 Kd5 90. Bh7 Rf2+ 91. Kg7 Ke6 92. Bg8+ Ke7 93. Bd5 Rf5 94. Be4 Rg5+ 95. Kh8 Kf7 96. Bh7 Rg2 97. Bd3 Rg8+ 98. Kh7 Rg3 99. Bc4+ Kf6 100. Kh8 Rh3+ 101. Kg8 Rc3 102. Ba2 Ra3 103. Bc4 Kg6 104. Bf7+ Kh6 105. Kh8 Rh3 106. Kg8 Rf3 107. Kf8 Re3 108. Kg8 Re7 1/2-1/2

[Event "XIX Najdorf Memorial 2019"]
[Site "Warsaw"]
[Date "2019.07.14"]
[Round "9.4"]
[White "Bernadskiy, Vitaliy"]
[Black "Fedorov, Alexei"]
[Result "1-0"]
[ECO "E71"]
[WhiteElo "2594"]
[BlackElo "2551"]
[Annotator "ChessBase"]
[PlyCount "67"]
[EventDate "2019.07.06"]
[EventType "swiss"]
[EventCountry "POL"]
[SourceTitle "playchess.com"]
[Source "ChessBase"]
[SourceQuality "1"]
[TimeControl "40/5400+30:1800+30"]

1. d4 Nf6 2. c4 g6 3. Nc3 Bg7 4. e4 d6 5. h3 O-O 6. Be3 Na6 7. g4 e5 8. d5 Nc5 9. f3 c6 10. Qd2 cxd5 11. cxd5 Bd7 12. Nge2 h5 13. Rg1 Rc8 14. Rd1 Qa5 15. Ng3 Kh7 16. gxh5 gxh5 17. Rb1 Na4 18. b4 Qc7 19. Nxa4 Bxa4 20. Nf5 Rg8 21. Bxa7 Bf8 22. Rxg8 Nxg8 23. Be3 Ne7 24. Ng3 h4 25. Ne2 Bd7 26. b5 Qc4 27. Rb4 Qc7 28. b6 Qb8 29. f4 exf4 30. Nxf4 Bg7 31. Bd4 Bh6 32. Qd1 Ng6 33. Nh5 Ne5 34. Nf6+ 1-0

[Event "XIX Najdorf Memorial 2019"]
[Site "Warsaw"]
[Date "2019.07.14"]
[Round "9.5"]
[White "Bednarek, Sylwester"]
[Black "Grib, Roman"]
[Result "0-1"]
[ECO "A45"]
[WhiteElo "2291"]
[BlackElo "2421"]
[Annotator "ChessBase"]
[PlyCount "86"]
[EventDate "2019.07.06"]
[EventType "swiss"]
[EventCountry "POL"]
[SourceTitle "playchess.com"]
[Source "ChessBase"]
[SourceQuality "1"]
[TimeControl "40/5400+30:1800+30"]

1. d4 Nf6 2. Bg5 Ne4 3. Be3 d5 4. Nf3 g6 5. g3 Bg7 6. Qc1 h6 7. Nc3 c5 8. Nd1 Nc6 9. c3 Qa5 10. a3 cxd4 11. b4 Qb6 12. cxd4 Nxd4 13. Nxd4 Bxd4 14. Bg2 Bf5 15. Bxe4 dxe4 16. O-O Bh3 17. Re1 O-O 18. Bxd4 Qxd4 19. Ra2 Be6 20. Rd2 Qe5 21. Ne3 Rac8 22. Qa1 Qxa1 23. Rxa1 f5 24. Kf1 Kf7 25. Ke1 g5 26. Rd4 Rc3 27. b5 Rfc8 28. Nd1 Rb3 29. Rb4 Rc5 30. b6 a5 31. Rxb3 Bxb3 32. a4 f4 33. gxf4 gxf4 34. Ra3 Bxd1 35. Kxd1 Kf6 36. Kd2 Rc4 37. Rc3 Rxc3 38. Kxc3 Ke5 39. Kc4 Kd6 40. Kb5 e5 41. h4 h5 42. Kc4 Kc6 43. e3 f3 0-1

[Event "XIX Najdorf Memorial 2019"]
[Site "Warsaw"]
[Date "2019.07.14"]
[Round "9.6"]
[White "Noe, Christopher"]
[Black "Klekowski, Maciej"]
[Result "1/2-1/2"]
[ECO "E46"]
[WhiteElo "2534"]
[BlackElo "2482"]
[Annotator "ChessBase"]
[PlyCount "51"]
[EventDate "2019.07.06"]
[EventType "swiss"]
[EventCountry "POL"]
[SourceTitle "playchess.com"]
[Source "ChessBase"]
[SourceQuality "1"]
[TimeControl "40/5400+30:1800+30"]

1. d4 Nf6 2. c4 e6 3. Nc3 Bb4 4. e3 O-O 5. Nge2 Re8 6. a3 Bf8 7. e4 d5 8. e5 Nfd7 9. cxd5 exd5 10. Be3 c5 11. f4 Nc6 12. dxc5 Nxc5 13. b4 d4 14. Nxd4 Nxd4 15. Qxd4 Qxd4 16. Bxd4 Nb3 17. Rd1 a5 18. Nd5 Bg4 19. Be2 Bxe2 20. Kxe2 axb4 21. axb4 Ra2+ 22. Kf3 Nd2+ 23. Ke3 Nc4+ 24. Kf3 Nd2+ 25. Ke3 Nc4+ 26. Kf3 1/2-1/2

[Event "XIX Najdorf Memorial 2019"]
[Site "Warsaw"]
[Date "2019.07.14"]
[Round "9.6"]
[White "Nguyen, Piotr"]
[Black "Pacan-Milej, Kosma"]
[Result "0-1"]
[ECO "A53"]
[WhiteElo "2420"]
[BlackElo "2272"]
[Annotator "ChessBase"]
[PlyCount "98"]
[EventDate "2019.07.06"]
[EventType "swiss"]
[EventCountry "POL"]
[SourceTitle "playchess.com"]
[Source "ChessBase"]
[SourceQuality "1"]
[TimeControl "40/5400+30:1800+30"]

1. d4 Nf6 2. c4 d6 3. Nc3 Nbd7 4. e4 e5 5. d5 Nc5 6. f3 a5 7. Be3 Be7 8. Qd2 h6 9. O-O-O Nfd7 10. g3 c6 11. f4 a4 12. Nf3 Qa5 13. fxe5 dxe5 14. d6 Bf6 15. Kb1 O-O 16. g4 Bd8 17. Rg1 a3 18. b3 Nf6 19. Qc2 Bxg4 20. Be2 Ne6 21. Nh4 Bxe2 22. Nxe2 Bb6 23. Bxb6 Qxb6 24. Nf5 Kh7 25. Qc3 Qf2 26. Qh3 h5 27. Rg2 Ng5 28. Qxh5+ Nxh5 29. Rxf2 Nxe4 30. Rf3 g6 31. Nfg3 Nhxg3 32. Nxg3 Nc5 33. b4 Nd7 34. Ne4 Kg7 35. Kc2 Rh8 36. Rd2 f5 37. Ng3 e4 38. Rc3 Kf6 39. c5 Ke5 40. Nf1 f4 41. Rg2 Rh6 42. h4 f3 43. Rg5+ Kf4 44. Nd2 Ne5 45. Nxe4 Kxe4 46. Kd2 Kf4 47. Rxe5 Kxe5 48. Rxf3 Rxh4 49. Kc3 Rf4 0-1

[Event "XIX Najdorf Memorial 2019"]
[Site "Warsaw"]
[Date "2019.07.14"]
[Round "9.7"]
[White "Sieciechowicz, Marcin"]
[Black "Piotrowski, Przemyslaw"]
[Result "0-1"]
[ECO "E92"]
[WhiteElo "2399"]
[BlackElo "2273"]
[Annotator "ChessBase"]
[PlyCount "110"]
[EventDate "2019.07.06"]
[EventType "swiss"]
[EventCountry "POL"]
[SourceTitle "playchess.com"]
[Source "ChessBase"]
[SourceQuality "1"]
[TimeControl "40/5400+30:1800+30"]

1. d4 Nf6 2. c4 g6 3. Nc3 Bg7 4. e4 d6 5. Nf3 O-O 6. Be2 e5 7. Be3 Ng4 8. Bg5 f6 9. Bc1 exd4 10. Nxd4 f5 11. f3 Ne5 12. Be3 f4 13. Bf2 Nbc6 14. Qd2 Nxd4 15. Bxd4 Be6 16. Nd5 c5 17. Bf2 Bxd5 18. Qxd5+ Kh8 19. O-O Nc6 20. Rfd1 Bd4 21. Bxd4+ Nxd4 22. Rd2 b6 23. Rad1 Qf6 24. b4 Rab8 25. bxc5 bxc5 26. Bd3 Kg7 27. Rb1 Rxb1+ 28. Bxb1 Rb8 29. Bd3 Rb6 30. Rf2 Nc6 31. Bf1 Qd4 32. g3 Qxd5 33. exd5 Nd4 34. Bd3 a5 35. gxf4 Kf6 36. Kg2 a4 37. Rd2 a3 38. Kf2 Rb8 39. Ke3 Rb4 40. Rg2 Nf5+ 41. Bxf5 Kxf5 42. Kd3 Kxf4 43. Rc2 Kxf3 44. Rc3 Ra4 45. Rb3 Ra7 46. Rb6 Rd7 47. Ra6 Kg2 48. Rxa3 Kxh2 49. Ra8 Kg3 50. a4 g5 51. a5 g4 52. a6 h5 53. Rb8 Ra7 54. Rb6 h4 55. Rxd6 h3 0-1

[Event "XIX Najdorf Memorial 2019"]
[Site "Warsaw"]
[Date "2019.07.14"]
[Round "9.7"]
[White "Fus, Jakub"]
[Black "Shyam, Sundar M."]
[Result "0-1"]
[ECO "A56"]
[WhiteElo "2341"]
[BlackElo "2520"]
[Annotator "ChessBase"]
[PlyCount "94"]
[EventDate "2019.07.06"]
[EventType "swiss"]
[EventCountry "POL"]
[SourceTitle "playchess.com"]
[Source "ChessBase"]
[SourceQuality "1"]
[TimeControl "40/5400+30:1800+30"]

1. d4 Nf6 2. c4 c5 3. d5 g6 4. Nc3 Bg7 5. e4 O-O 6. Bd3 d6 7. Nge2 e5 8. f3 Nh5 9. Be3 f5 10. exf5 gxf5 11. Qd2 Na6 12. O-O-O Nb4 13. Bb1 Qh4 14. f4 e4 15. h3 Ng3 16. Nxg3 Qxg3 17. Rdg1 Bd7 18. Bf2 Nd3+ 19. Bxd3 Qxd3 20. Qxd3 exd3 21. Kd2 a6 22. Kxd3 b5 23. b3 Rab8 24. Bh4 Rfe8 25. Re1 bxc4+ 26. bxc4 Rb2 27. Rxe8+ Bxe8 28. Re1 Bh5 29. Re6 Rxg2 30. Bf6 Rg3+ 31. Kc2 Bf8 32. h4 Rg4 33. Bg5 Bf7 34. Re2 h6 35. Be7 Rxf4 36. Rg2+ Rg4 37. Rxg4+ fxg4 38. Bxf8 Kxf8 39. Ne2 Ke7 40. Kd3 Kf6 41. Ke3 Ke5 42. a3 Bg6 43. Ng3 Bb1 44. Ne2 Ba2 45. Kd3 Kf5 46. h5 Ke5 47. Nc3 g3 {[%emt 0:00:28] Kd4+} 0-1

[Event "XIX Najdorf Memorial 2019"]
[Site "Warsaw"]
[Date "2019.07.14"]
[Round "9.8"]
[White "Galperin, Platon"]
[Black "Harsha Bharathakoti"]
[Result "1/2-1/2"]
[ECO "E35"]
[WhiteElo "2445"]
[BlackElo "2486"]
[Annotator "ChessBase"]
[PlyCount "32"]
[EventDate "2019.07.06"]
[EventType "swiss"]
[EventCountry "POL"]
[SourceTitle "playchess.com"]
[Source "ChessBase"]
[SourceQuality "1"]
[TimeControl "40/5400+30:1800+30"]

1. d4 Nf6 2. c4 e6 3. Nc3 Bb4 4. Qc2 d5 5. cxd5 exd5 6. Bf4 c5 7. dxc5 Ne4 8. e3 Qa5 9. Rc1 Qxa2 10. Bxb8 Bxc3+ 11. bxc3 Qxc2 12. Rxc2 Rxb8 13. c4 Be6 14. cxd5 Bxd5 15. f3 Nf6 16. Ne2 O-O 1/2-1/2

[Event "XIX Najdorf Memorial 2019"]
[Site "Warsaw"]
[Date "2019.07.14"]
[Round "9.8"]
[White "Roseneck, Jonas"]
[Black "Bus, Konrad"]
[Result "1-0"]
[ECO "B12"]
[WhiteElo "2398"]
[BlackElo "2264"]
[Annotator "ChessBase"]
[PlyCount "55"]
[EventDate "2019.07.06"]
[EventType "swiss"]
[EventCountry "POL"]
[SourceTitle "playchess.com"]
[Source "ChessBase"]
[SourceQuality "1"]
[TimeControl "40/5400+30:1800+30"]

1. e4 c6 2. d4 d5 3. e5 Bf5 4. h4 Qc7 5. c4 e6 6. Nc3 dxc4 7. Bxc4 h6 8. Nge2 Ne7 9. Ng3 Bh7 10. Bd2 Nd7 11. Rc1 Nb6 12. Bb3 Qd7 13. Nce4 Nf5 14. Nxf5 Bxf5 15. Ng3 Bh7 16. Qg4 O-O-O 17. O-O Qxd4 18. Qf3 Qxd2 19. Rfd1 Rd3 20. Qxf7 Qb4 21. Rxd3 Bxd3 22. Bxe6+ Kb8 23. Qe8+ Kc7 24. Rd1 Qxb2 25. Bf5 Bc5 26. Qxh8 Bxf2+ 27. Kh1 Bxg3 28. Qxg7+ 1-0